 Dungeon Crawl Stone Soup version 0.25-a0-85-g7617fd2bc2 (webtiles) character file.

Game seed: 3544302083958800970, levelgen mode: deterministic

17222 MrRokkomies the Slicer (level 12, -1/78 HPs)
             Began as a Kobold Gladiator on Nov 8, 2019.
             Was the Champion of Ashenzari.
             Killed from afar by an oklob plant (7 damage)
             ... with a splash of acid
             ... on level 2 of the Lair of Beasts.
             The game lasted 00:31:48 (13363 turns).

MrRokkomies the Slicer (Kobold Gladiator)          Turns: 13363, Time: 00:31:49

Health: -1/78      AC: 12    Str: 13    XL:     12   Next: 79%
Magic:  17/17      EV: 24    Int: 11    God:    Ashenzari [******]
Gold:   872        SH:  5    Dex: 22    Spells: 3/11 levels left

rFire    . . .     SeeInvis +   a - +1 dagger (distort) (curse)
rCold    + . .     Gourm    .   S - +0 buckler (curse)
rNeg     + . .     Faith    +   M - +3 leather armour {rC+} (curse)
rPois    .         Spirit   .   c - +1 helmet (curse)
rElec    .         Reflect  .   i - +0 cloak (curse)
rCorr    .         Harm     .   (no gloves)
MR       .....     Clarity  +   J - +0 pair of boots (curse)
Stlth    +++++++...             I - amulet of Jyuroin {Faith rN+ Dex+4 Stlth+} (curse)
HPRegen  0.23/turn              x - +3 ring of protection (curse)
MPRegen  0.15/turn              m - +3 ring of protection

@: corroded
A: small, carnivore
a: Curse Item, Scrying, Transfer Knowledge, Renounce Religion


You were on level 2 of the Lair of Beasts.
You worshipped Ashenzari.
Ashenzari was exalted by your worship.
You were full.

You visited 2 branches of the dungeon, and saw 13 of its levels.

You collected 872 gold pieces.

Inventory:

Hand Weapons
 a - a cursed +1 dagger of distortion (weapon)
Missiles
 d - 3 throwing nets (quivered)
 g - 99 poisoned darts
 D - 6 atropa-tipped darts
 G - 6 datura-tipped darts
Armour
 c - a cursed +1 helmet (worn)
 i - a cursed +0 cloak (worn)
 J - a cursed +0 pair of boots (worn)
 M - a cursed +3 leather armour of cold resistance (worn)
 S - a cursed +0 buckler (worn)
Jewellery
 m - a +3 ring of protection (right hand)
 n - an uncursed ring of poison resistance
 t - a +3 ring of evasion
 x - a cursed +3 ring of protection (left hand)
 I - the cursed amulet of Jyuroin (around neck) {Faith rN+ Dex+4 Stlth+}
   (You found it on level 5 of the Dungeon)

   [amulet of faith]

   It allows you to gain divine favour quickly.
   It affects your dexterity (+4).
   It protects you from negative energy.
   It makes you more stealthy.
   It has a curse placed upon it.
 K - an uncursed ring of protection from magic
Wands
 u - a wand of flame (23)
 C - a wand of enslavement (10)
 L - a wand of polymorph (8)
 N - a wand of paralysis (2)
 R - a wand of disintegration (14)
Scrolls
 b - 2 scrolls of immolation
 e - 2 scrolls of fear
 h - 2 scrolls of teleportation
 j - a scroll of identify
 k - 7 scrolls of amnesia
 o - a scroll of fog {unknown}
 p - a scroll of magic mapping
 s - a scroll of remove curse
 H - 2 scrolls of enchant weapon
 O - 2 scrolls of enchant armour
Potions
 l - a potion of ambrosia
 q - 2 potions of flight
 r - a potion of brilliance
 v - 8 potions of curing
 z - 2 potions of lignification
 A - 3 potions of magic
 B - a potion of cancellation {unknown}
 F - a potion of berserk rage {unknown}
 P - a potion of experience {unknown}
 Q - 4 potions of heal wounds {unknown}
Miscellaneous
 y - a phial of floods (inert)
Comestibles
 f - 22 rations


   Skills:
 - Level 10.3 Fighting
 - Level 13.1(17.2) Short Blades
 - Level 2.1 Throwing
 - Level 7.6(10.7) Dodging
 + Level 12.4(15.0) Stealth
 * Level 8.9(11.8) Hexes
 * Level 6.8(9.9) Evocations


You had 3 spell levels left.
You knew the following spells:

 Your Spells              Type           Power        Failure   Level  Hunger
a - Ensorcelled Hibernat  Hex/Ice        ##....       9%          2    ###....
b - Confuse               Hex            ####....     1%          3    ####...
c - Tukima's Dance        Hex            ####....     1%          3    ####...

Your spell library contained the following spells:

 Spells                   Type           Power        Failure   Level  Hunger
 Corona                   Hex            ####...      1%          1    ##.....
 Dazzling Spray           Conj/Hex       ##....       19%         3    ####...
 Summon Guardian Golem    Hex/Summ       ##......     19%         3    ####...
 Summon Small Mammal      Summ           #...         52%         1    ##.....
 Call Imp                 Summ           #.......     67%         2    ###....
 Call Canine Familiar     Summ           #.......     88%         3    ####...
 Cause Fear               Hex            ####......   5%          4    #####..
 Silence                  Hex/Air        ##........   86%         5    ######.
 Yara's Violent Unravell  Hex/Tmut       ##........   86%         5    ######.
 Summon Ice Beast         Ice/Summ       #.......     99%         4    #####..
 Summon Lightning Spire   Summ/Air       #.......     99%         4    #####..
 Conjure Ball Lightning   Conj/Air       #.........   100%        6    #######
 Deflect Missiles         Chrm/Air       #.........   100%        6    #######
 Discord                  Hex            ####......   100%        8    #######
 Tornado                  Air            #.........   100%        9    #######


Dungeon Overview and Level Annotations

Branches:
Dungeon (11/15)            Temple (0/1) D:4            Lair (2/6) D:11
    Orc (0/2) D:10
  Swamp: Lair:2-4    Shoals: Lair:2-4     Snake: Lair:2-4    Spider: Lair:2-4

Altars:
Ashenzari
Dithmenos
Elyvilon
Kikubaaqudgha
Nemelex Xobeh
Okawaru
Sif Muna
Trog
Uskayaw
Vehumet
Wu Jian
Xom
Yredelemnul
Zin
The Shining One

Shops:
D:9 [

Annotations:
D:10 Josephine, Sonja
Lair:2 1 runed translucent door, exclusion: oklob plant, Gastronok; Pyutrid's ghost, journeyman GrWz


Innate Abilities, Weirdness & Mutations

You are small and have problems with some larger weapons.
You are carnivorous and can eat meat at any time.


Message History

You hit the oklob plant.
Space bends around the oklob plant.
The oklob plant is severely damaged.
You hit the oklob plant but do no damage.
The oklob plant is severely damaged.
The oklob plant spits acid at you. The splash of acid hits you!
* * * LOW HITPOINT WARNING * * *
The acid corrodes you!
You are splashed with acid!
* * * LOW HITPOINT WARNING * * *
Okay, then.
Okay, then.
Unknown command.
Evoke which item? (* to show all) (? for menu, Esc to quit)
Aiming: Paralyse
Press: ? - help, Shift-Dir - straight line, f/p - oklob plant
Aim: an oklob plant (severely damaged, chance to defeat MR: 55%)
The oklob plant resists with significant effort.
The oklob plant spits acid at you. The splash of acid hits you!
You die...

... , , * , ##.. ..# , ,
## * ....# * , ,,....
..# , ,***.##.#...## * ,
* *#### ,* * , ........#
*, ** ### , , ,.......#
* *#.. ** * **.*
###.#....# * ,* #...# ,,
, *#.##.P<...P####* ,
##P # ,,, ,*
.........P_PP.## #P... *
, * ......!.@.P.....
##P.. ***, *
.#.##.....####.,,PP.##.#
** #*, **#.##..# *
,....).. ,,*#.∆,*
#...P.## #...... *
,.##., ##..P..# *,
...#### , #....
###.#†#..# * ,#,,* # *
......#.#......# ,,*
..............## * # *
...P.#####...## **.#


You could see an oklob plant.

Vanquished Creatures
  2 hydras
  An unseen horror (D:11)
  A gargoyle (D:10)
  2 black mambas (Lair:2)
  Joseph (D:8)
  A spiny frog (Lair:2)
  A rime drake (Lair:1)
  A komodo dragon (Lair:1)
  4 hippogriffs
  21 yaks
  A spriggan (D:8)
  2 wraiths (D:10)
  3 humans (D:9)
  Eustachio (D:6)
  A hungry ghost (D:6)
  A steam dragon (D:11)
  3 water moccasins
  2 porcupines
  4 sky beasts
  3 orc warriors
  4 phantoms
  A black bear (D:8)
  An ice beast (D:10)
  A hornet zombie (D:7)
  5 ogres
  A necrophage (D:10)
  5 centaurs
  4 crocodiles
  A big kobold (D:6)
  Blork the orc (D:6)
  9 bullfrogs
  4 scorpions
  4 killer bees (D:9)
  A howler monkey (D:5)
  10 wights
  5 crimson imps
  4 centaur zombies
  3 bullfrog zombies
  6 jellies
  6 hounds
  A centaur skeleton (D:7)
  5 orc priests
  12 orc wizards
  Crazy Yiuf (D:5)
  3 iguanas
  6 worker ants
  A hound zombie (D:7)
  A hound skeleton (D:11)
  A mummy (D:7)
  2 worker ant zombies
  8 gnolls
  10 adders
  3 shadow imps
  2 adder skeletons
  2 adder zombies
  4 worms
  5 dart slugs
  6 leopard geckos
  39 orcs
  2 ball pythons (D:4)
  2 bats (D:1)
  8 giant cockroaches
  7 goblins
  8 hobgoblins
  6 jackals
  18 kobolds
  6 quokkas
  4 frilled lizards
  A giant cockroach zombie (D:5)
  A jackal zombie (D:6)
  A leopard gecko skeleton (D:7)
  4 rats
312 creatures vanquished.

Vanquished Creatures (collateral kills)
  A plant (Lair:2)
1 creature vanquished.

Vanquished Creatures (others)
  A hydra (D:11)
  A centaur zombie (D:11)
  A troll (D:11)
  6 yaks
  2 humans (D:9)
  A water moccasin (Lair:2)
  An orc warrior (D:11)
  A phantom (D:10)
  A wight (D:10)
  A worker ant (D:9)
  A fungus (Lair:2)
  3 plants (Lair:2)
  5 toadstools (D:6)
25 creatures vanquished.

Grand Total: 338 creatures vanquished

Notes
Turn   | Place    | Note
-------+----------+-------------------------------------------
     0 | D:1      | MrRokkomies the Kobold Gladiator began the quest for the
                  | Orb.
     0 | D:1      | Reached XP level 1. HP: 12/12 MP: 1/1
   202 | D:1      | Reached XP level 2. HP: 15/18 MP: 2/2
   624 | D:1      | Found a shattered altar of Ashenzari.
   634 | D:1      | Became a worshipper of Ashenzari the Shackled
   763 | D:1      | Reached skill level 1 in Stealth
   931 | D:1      | Reached XP level 3. HP: 22/22 MP: 3/3
  1140 | D:2      | Found a shattered altar of Ashenzari.
  1146 | D:2      | Found a radiant altar of Vehumet.
  1146 | D:2      | Found a basalt altar of Yredelemnul.
  1146 | D:2      | Found a sparkling altar of Nemelex Xobeh.
  1146 | D:2      | Found a shimmering altar of Xom.
  1146 | D:2      | Found a shimmering blue altar of Sif Muna.
  1147 | D:2      | Found a glowing silver altar of Zin.
  1156 | D:2      | Found a hide-covered altar of Uskayaw.
  2056 | D:3      | Reached XP level 4. HP: 28/28 MP: 4/4
  2140 | D:3      | Reached skill level 5 in Short Blades
  2175 | D:3      | Found a glowing golden altar of the Shining One.
  2356 | D:3      | Reached XP level 5. HP: 9/33 MP: 5/5
  2964 | D:4      | Found a staircase to the Ecumenical Temple.
  3044 | D:4      | Reached skill level 6 in Short Blades
  3044 | D:4      | Reached XP level 6. HP: 36/39 MP: 6/6
  3142 | D:4      | Reached * piety under Ashenzari
  3692 | D:4      | Noticed an ogre
  3701 | D:4      | Killed an ogre
  3701 | D:4      | Reached skill level 5 in Fighting
  3708 | D:4      | Reached XP level 7. HP: 44/44 MP: 7/7
  3743 | D:4      | Reached skill level 7 in Short Blades
  3942 | D:5      | Entered Level 5 of the Dungeon
  4321 | D:5      | Found a runed translucent door.
  4322 | D:5      | Noticed Crazy Yiuf
  4367 | D:5      | Reached XP level 8. HP: 45/51 MP: 8/8
  4390 | D:5      | Reached skill level 5 in Stealth
  4392 | D:5      | Reached skill level 8 in Short Blades
  4745 | D:5      | Found a white marble altar of Elyvilon.
  4857 | D:5      | Identified the amulet of Jyuroin {Faith rN+ Dex+4 Stlth+}
  4905 | D:5      | Reached skill level 9 in Short Blades
  5044 | D:5      | Reached XP level 9. HP: 49/57 MP: 9/9
  5261 | D:5      | Killed Crazy Yiuf
  5328 | D:6      | Noticed Eustachio
  5337 | D:6      | Killed Eustachio
  5348 | D:6      | Noticed Blork the orc
  5362 | D:6      | Killed Blork the orc
  5664 | D:6      | Reached skill level 10 in Short Blades
  5718 | D:6      | Reached ** piety under Ashenzari
  6205 | D:6      | Noticed a hippogriff
  6226 | D:6      | Killed a hippogriff
  6530 | D:6      | Reached skill level 11 in Short Blades
  6879 | D:7      | Reached XP level 10. HP: 66/66 MP: 10/10
  7380 | D:8      | Reached *** piety under Ashenzari
  7408 | D:8      | Noticed Joseph
  7412 | D:8      | Killed Joseph
  7423 | D:8      | Reached skill level 10 in Fighting
  7440 | D:8      | Reached skill level 12 in Short Blades
  7626 | D:8      | Learned a level 2 spell: Ensorcelled Hibernation
  7630 | D:8      | Learned a level 3 spell: Confuse
  7757 | D:8      | Reached skill level 1 in Hexes
  8277 | D:8      | Found an iron altar of Okawaru.
  8280 | D:8      | Found an ornate altar of the Wu Jian Council.
  8283 | D:8      | Found a shadowy altar of Dithmenos.
  8713 | D:9      | Reached skill level 13 in Short Blades
  8713 | D:9      | Reached XP level 11. HP: 57/73 MP: 11/11
  8726 | D:9      | Learned a level 3 spell: Tukima's Dance
  9292 | D:9      | Found a bloodstained altar of Trog.
  9400 | D:9      | Reached skill level 10 in Stealth
  9535 | D:9      | Found Uguicsucw's Armour Emporium.
  9556 | D:9      | Reached skill level 5 in Dodging
  9644 | D:9      | Reached **** piety under Ashenzari
  9668 | D:10     | Entered Level 10 of the Dungeon
  9965 | D:10     | Found a staircase to the Orcish Mines.
  9971 | D:10     | Reached skill level 5 in Hexes
 10459 | D:10     | Noticed Sonja
 10459 | D:10     | Noticed Josephine
 10724 | D:11     | Reached ***** piety under Ashenzari
 10782 | D:11     | Noticed an unseen horror
 10784 | D:11     | Killed an unseen horror
 10882 | D:11     | Noticed a seven-headed hydra
 10910 | D:11     | Killed a seven-headed hydra
 10945 | D:11     | Noticed a four-headed hydra
 10984 | D:11     | Banished a four-headed hydra
 10984 | D:11     | Reached XP level 12. HP: 45/78 MP: 11/13
 11131 | D:11     | HP: 3/78 [acid (7)]
 11584 | D:11     | Found a staircase to the Lair.
 12187 | D:11     | Reached skill level 5 in Evocations
 12347 | Lair:1   | Entered Level 1 of the Lair of Beasts
 12833 | Lair:2   | Noticed an eight-headed hydra
 12840 | Lair:2   | Killed an eight-headed hydra
 12977 | Lair:2   | Found a runed translucent door.
 12977 | Lair:2   | Noticed a six-headed hydra
 12977 | Lair:2   | Noticed Pyutrid's ghost (journeyman GrWz)
 13142 | Lair:2   | Noticed Gastronok
 13143 | Lair:2   | Reached ****** piety under Ashenzari
 13158 | Lair:2   | Found an ancient bone altar of Kikubaaqudgha.
 13363 | Lair:2   | Killed from afar by an oklob plant

Levels and vault maps discovered:
D:1:      dpeg_arrival_oval, layout_basic, evilmike_ruin_ashenzari
D:2:      layout_loops_ring, minitemple, first_ration
D:3:      layout_basic, overflow_temple_1_default, minmay_checkerbox
D:4:      layout_basic, minmay_temple_entry_overgrown
D:5:      minmay_thinvault, layout_rooms, elyvilon_altar_3,
          uniq_crazy_yiuf_cottage
D:6:      layout_basic, minmay_gold_behind_fungi, uniq_blork_the_orc,
          uniq_eustachio
D:7:      corexii_shack_village, layout_cave_pools, serial_undead,
          serial_undead_c, serial_undead_d, serial_undead_a, serial_undead_f,
          serial_undead_f
D:8:      layout_gridville, grunt_temple_overflow_diamond, the_bakery,
          uniq_joseph
D:9:      layout_rooms, bloody_trog, serial_shops, kennysheep_little_box,
          minmay_ruffians
D:10:     layout_basic, orc_0_dummy, uniq_sonja, uniq_josephine
D:11:     lemuel_flame_loot_2, layout_cave_pools, lair_entry_dummy
Lair:1:   layout_hall_layers, nicolae_quartered_pool_medium
Lair:2:   layout_loops_ring, ebering_ghost_inner_flame, lemuel_oklob_altar,
          uniq_gastronok

Skill      XL: |  1  2  3  4  5  6  7  8  9 10 11 12 |
---------------+-------------------------------------+-----
Stealth        | 1 2 3 4 6 8 9 11 12 | 12.4
Fighting       | 3 4 5 6 7 9 10 | 10.3
Short Blades   | 5 6 7 9 11 13 | 13.1
Hexes          | 3 6 8 |  8.9
Dodging        | 7 |  7.6
Evocations     | 2 6 |  6.8
Throwing       | |  2.1

Action                   |  1- 3 |  4- 6 |  7- 9 | 10-12 || total
-------------------------+-------+-------+-------+-------++-------
Melee: Rapier            |    23 |       |       |       ||    23
       Short sword       |    54 |    97 |   453 |   369 ||   973
       Dagger            |       |       |       |   548 ||   548
 Fire: Hunting sling     |       |       |     3 |       ||     3
Throw: Throwing net      |       |       |       |     2 ||     2
 Cast: Confuse           |       |       |       |     1 ||     1
Invok: Curse Item        |     1 |       |     3 |     3 ||     7
Evoke: Wand              |       |       |       |    10 ||    10
       Phial of floods   |       |       |       |     1 ||     1
  Use: Scroll            |     2 |       |    11 |     8 ||    21
       Potion            |       |     3 |       |     1 ||     4
 Stab: Sleeping          |     5 |     3 |    19 |    45 ||    72
       Invisible         |       |     3 |       |       ||     3
       Distracted        |       |       |     2 |     4 ||     6
       Paralysed         |       |       |       |     2 ||     2
       Confused          |       |       |       |     1 ||     1
       Held in net/web   |       |       |       |     1 ||     1
  Eat: Chunk             |     4 |    12 |    11 |    24 ||    51
Armor: Leather armour    |     7 |     4 |       |    82 ||    93
       Ring mail         |       |     8 |    86 |    24 ||   118
Dodge: Dodged            |    52 |    69 |   351 |   447 ||   919
Block: Buckler           |       |       |       |   118 ||   118

Table legend:
 A = Non-vault XP
 B = Vault XP
 C = Vault XP percentage of total XP
 D = Non-vault monster count
 E = Vault monster count
 F = Vault count percentage of total count
                 A         B        C        D         E       F
            +---------+---------+-------+---------+---------+-------
      Total |   21521 |    3082 |  12.5 |     277 |      50 |  15.3
            +---------+---------+-------+---------+---------+-------
        D:1 |      30 |       0 |   0.0 |      12 |       0 |   0.0
        D:2 |      21 |       0 |   0.0 |      13 |       0 |   0.0
        D:3 |     173 |      10 |   5.5 |      22 |       4 |  15.4
        D:4 |     375 |       0 |   0.0 |      12 |       0 |   0.0
        D:5 |     843 |     577 |  40.6 |      25 |      13 |  34.2
        D:6 |    1111 |     350 |  24.0 |      33 |       3 |   8.3
        D:7 |     639 |     298 |  31.8 |      10 |      21 |  67.7
        D:8 |    2351 |     634 |  21.2 |      39 |       2 |   4.9
        D:9 |    1093 |     794 |  42.1 |      20 |       5 |  20.0
       D:10 |    2893 |     419 |  12.7 |      28 |       2 |   6.7
       D:11 |    7338 |       0 |   0.0 |      43 |       0 |   0.0
     Lair:1 |    1316 |       0 |   0.0 |       7 |       0 |   0.0
     Lair:2 |    3338 |       0 |   0.0 |      13 |       0 |   0.0
            +---------+---------+-------+---------+---------+-------
